 Dungeon Crawl Stone Soup version 0.24.0-37-gcf1ca852f1 (webtiles) character file.

Game seed: 4046004928862409749, levelgen mode: deterministic

268 sankara the Digger (level 6, -1/32 HPs)
             Began as a Gargoyle Earth Elementalist on Dec 3, 2019.
             Slain by Natasha (3 damage)
             ... on level 3 of the Dungeon.
             The game lasted 00:07:37 (3048 turns).

sankara the Digger (Gargoyle Earth Elementalist)    Turns: 3048, Time: 00:07:37

Health: -1/32      AC:  7    Str: 11    XL:     6   Next: 21%
Magic:  5/9        EV: 13    Int: 18    God:
Gold:   93         SH:  0    Dex: 10    Spells: 3/9 levels left

rFire    . . .     SeeInvis .   a - +0 short sword (venom)
rCold    . . .     Gourm    .   (no shield)
rNeg     + . .     Faith    .   c - +0 robe
rPois    ∞         Spirit   .   s - +0 helmet
rElec    +         Reflect  .   (no cloak)
rCorr    .         Harm     .   (no gloves)
MR       .....                  (no boots)
Stlth    ++........             (no amulet)
HPRegen  0.10/turn              (no ring)
MPRegen  0.11/turn              (no ring)

@: slowed, very slow
A: negative energy resistance 1, electricity resistance, unbreathing,
petrification resistance, rot immunity, AC +4
a: no special abilities


You were on level 3 of the Dungeon.
You were not hungry.

You visited 1 branch of the dungeon, and saw 3 of its levels.

You collected 93 gold pieces.

Inventory:

Hand Weapons
 a - a +0 short sword of venom (weapon)
 e - a +0 hunting sling
Missiles
 b - 35 stones (quivered)
 k - 17 poisoned darts
Armour
 c - a +0 robe (worn)
 s - a +0 helmet (worn)
Wands
 n - a wand of acid (7)
Scrolls
 f - a scroll of immolation {unknown}
 g - 2 scrolls of blinking {unknown}
 i - a scroll of remove curse {unknown}
 l - 2 scrolls of identify {unknown}
 m - a scroll of random uselessness {unknown}
 q - a scroll of magic mapping {unknown}
Potions
 h - a potion of heal wounds {unknown}
 j - a potion of brilliance {unknown}
 o - a potion of curing
 r - a potion of degeneration {unknown}
Comestibles
 d - 4 rations
 p - 10 chunks of flesh


   Skills:
 - Level 3.0 Short Blades
 + Level 3.1 Dodging
 - Level 2.1 Stealth
 - Level 2.0 Spellcasting
 + Level 2.3 Conjurations
 - Level 0.7 Transmutations
 + Level 4.7 Earth Magic


You had 3 spell levels left.
You knew the following spells:

 Your Spells              Type           Power        Failure   Level  Hunger
a - Sandblast             Erth           ###...       2%          1    #......
b - Passwall              Tmut/Erth      ##......     9%          2    ###....
c - Stone Arrow           Conj/Erth      ##....       13%         3    ###....

Your spell library contained the following spells:

 Spells                   Type           Power        Failure   Level  Hunger
 Petrify                  Tmut/Erth      ##......     52%         4    #####..
 Lee's Rapid Deconstruct  Erth           ###.......   56%         5    ######.


Dungeon Overview and Level Annotations

Branches:
Dungeon (3/15)

Altars:
Makhleb
Trog
Vehumet
The Shining One

Annotations:
D:3 Natasha, Sigmund


Innate Abilities, Weirdness & Mutations

You are resistant to torment.
Your stone body is resilient. (AC +4)
You are immune to poison.
You resist negative energy. (rN+)
You are resistant to electric shocks. (rElec)
You can survive without breathing.
You are immune to petrification.
You are immune to rotting.


Message History

Casting: Stone Arrow (safe; 13% risk of failure)
Confirm with . or Enter, or press ? or * to list all spells.
Aiming: Stone Arrow (safe; 13% risk of failure)
Press: ? - help, Shift-Dir - straight line, f - Natasha
Aim: Natasha, carrying a wand of flame (7) (lightly wounded, poisoned)
The stone arrow hits Natasha!
Natasha is severely wounded.
Natasha zaps a wand.
The puff of flame hits you.
* * * LOW HITPOINT WARNING * * *
The goblin hits you.
* * * LOW HITPOINT WARNING * * *
Casting: Stone Arrow (safe; 13% risk of failure)
Confirm with . or Enter, or press ? or * to list all spells.
Aiming: Sandblast (safe; 2% risk of failure)
Press: ? - help, Shift-Dir - straight line, f/p - Natasha
Aim: Natasha, carrying a wand of flame (6) (severely wounded, poisoned)
The blast of sand misses Natasha.
b - 35 stones Natasha claws you.
You die...

._♣≈≈g...#
♣..≈≈≈≈≈.# #
≈≈≈≈≈≈..h# #.
≈≈≈≈≈≈...# # #.≈
≈≈≈≈≈≈≈..#.# .≈≈
..≈≈≈≈≈(.#.## .≈
≈.≈≈.≈≈)(...####
#.########........
#.....@h......#...
#######g#####..._8
#.# #..... #.#
#.#... ... #.#
#.##.# . ...
######.#####.##.#
# ...
.................#
# #.#
##########....####
# #.# #.#.##


You could see Natasha and a goblin.

Vanquished Creatures
  2 crimson imps (D:3)
  Natasha (twice) (D:3)
  4 gnolls (D:3)
  4 adders
  An ooze (D:3)
  2 worms
  A leopard gecko (D:2)
  5 orcs (D:3)
  A ball python (D:3)
  2 giant cockroaches
  7 goblins
  7 hobgoblins
  8 jackals
  A quokka (D:3)
  3 bats
  4 frilled lizards
  4 kobolds
  5 rats
63 creatures vanquished.

Notes
Turn   | Place    | Note
-------+----------+-------------------------------------------
     0 | D:1      | sankara the Gargoyle Earth Elementalist began the quest for
                  | the Orb.
     0 | D:1      | Reached XP level 1. HP: 10/10 MP: 3/3
   243 | D:1      | Found a glowing golden altar of the Shining One.
   305 | D:1      | Reached XP level 2. HP: 9/15 MP: 5/5
  1344 | D:2      | Reached skill level 1 in Short Blades
  1344 | D:2      | Reached XP level 3. HP: 16/19 MP: 6/6
  1408 | D:2      | Learned a level 2 spell: Passwall
  1412 | D:2      | Learned a level 3 spell: Stone Arrow
  1749 | D:2      | Found a bloodstained altar of Trog.
  1881 | D:2      | Reached skill level 4 in Earth Magic
  1881 | D:2      | Reached XP level 4. HP: 17/24 MP: 0/7
  2201 | D:3      | Noticed Natasha
  2300 | D:3      | Reached skill level 1 in Conjurations
  2349 | D:3      | Reached XP level 5. HP: 20/28 MP: 4/8
  2449 | D:3      | Noticed Sigmund
  2567 | D:3      | Killed Natasha
  2694 | D:3      | Found a burning altar of Makhleb.
  2742 | D:3      | Reached XP level 6. HP: 19/32 MP: 3/9
  2819 | D:3      | Noticed Natasha
  2821 | D:3      | Killed Natasha
  3022 | D:3      | Found a radiant altar of Vehumet.
  3023 | D:3      | Found a faded altar of an unknown god.
  3029 | D:3      | Noticed Natasha
  3048 | D:3      | Slain by Natasha

Levels and vault maps discovered:
D:1:      minmay_arrival_hallway, layout_loops_cross, tso_metal_star
D:2:      minmay_diamond_boxcup, layout_basic, lemuel_doored_altar
D:3:      layout_loops_ring, makhleb_grotto_becter,
          chequers_temple_overflow_statue_of_worship, marbit_many_paths,
          chequers_ecumenical_altar_island, first_ration, uniq_natasha,
          uniq_sigmund

Skill      XL: |  1  2  3  4  5 |
---------------+----------------+-----
Dodging        | 2 3 |  3.1
Short Blades   | 1 2 3 |  3.0
Earth Magic    | 4 |  4.7
Conjurations   | 1 2 |  2.3
Stealth        | |  2.1
Spellcasting   | |  2.0
Transmutations | |  0.7

Action                   |  1- 3 |  4- 6 || total
-------------------------+-------+-------++-------
Melee: Short sword       |    80 |    80 ||   160
 Cast: Sandblast         |     2 |     9 ||    11
       Stone Arrow       |     1 |    10 ||    11
 Stab: Sleeping          |     2 |       ||     2
  Eat: Chunk             |     3 |     5 ||     8
Armor: Robe              |    15 |    30 ||    45
Dodge: Dodged            |    45 |    67 ||   112
